 Dungeon Crawl Stone Soup version 0.27.1-34-g3ba077fa99 (webtiles) character file.

Game seed: 3858370509163789134

2414 cbfl8 the Blocker (level 9, -1/75 HPs)
             Began as a Minotaur Fighter on Jan 25, 2022.
             Succumbed to a killer bee's poison
             ... on level 9 of the Dungeon.
             The game lasted 00:17:04 (6788 turns).

cbfl8 the Blocker (Minotaur Fighter)                Turns: 6788, Time: 00:17:04

Health: -1/75      AC: 11    Str: 23    XL:     9   Next: 23%
Magic:  8/8        EV: 11    Int:  6    God:
Gold:   1125       SH: 11    Dex: 10    Spells: 8/8 levels left

rFire    . . .     SeeInvis .   Q - +4 mace
rCold    . . .     Faith    .   c - +0 kite shield
rNeg     . . .     Spirit   .   o - quicksilver dragon scales
rPois    .         Reflect  .   (helmet restricted)
rElec    .         Harm     .   (no cloak)
rCorr    .         Rampage  .   (no gloves)
Will     +....                  (no boots)
Stlth    +.........             w - amulet of regeneration
HPRegen  1.22/turn              J - ring of flight
MPRegen  0.11/turn              (no ring)

@: lethally poisoned (-1 -> -11), flying
A: horns 2, retaliatory headbutt
a: no special abilities


You were on level 9 of the Dungeon.
You visited 2 branches of the dungeon, and saw 10 of its levels.

You collected 1125 gold pieces.

Inventory:

Hand Weapons
 a - a +0 war axe
 f - a +2 whip of holy wrath
 m - a +3 dagger of draining
 B - a +2 hand axe of flaming
 D - a +2 flail of protection
 E - a +0 dagger of protection
 H - a +2 flail of holy wrath
 L - a +3 dagger
 O - a +3 hand axe of freezing
 P - a +3 halberd
 Q - a +4 mace (weapon)
Missiles
 g - 105 bolts
 i - 221 stones (quivered)
 l - 40 poisoned darts
 s - 2 javelins
 t - 9 large rocks
Armour
 b - a +0 scale mail
 c - a +0 kite shield (worn)
 e - a +2 helmet
 o - quicksilver dragon scales (worn)
 M - a +1 ring mail of cold resistance
Jewellery
 w - an amulet of regeneration (around neck)
 J - a ring of flight (left hand)
Wands
 z - a wand of mindburst (14)
 A - a wand of flame (30)
 F - a wand of charming (8)
 I - a wand of paralysis (4)
 R - a wand of iceblast (5)
 S - a wand of polymorph (6)
Scrolls
 j - 2 scrolls of fear
 k - a scroll of magic mapping
 n - 2 scrolls of enchant armour
 p - 2 scrolls of blinking {unknown}
 v - 3 scrolls of teleportation
 x - a scroll of fog {unknown}
 y - 2 scrolls of brand weapon {unknown}
 C - a scroll of noise {unknown}
 G - a scroll of enchant weapon {unknown}
 K - a scroll of acquirement
 N - a scroll of identify
Potions
 d - 2 potions of attraction
 q - 4 potions of degeneration
 r - a potion of curing {unknown}


   Skills:
 + Level 5.7 Fighting
 + Level 5.6 Short Blades
 + Level 3.6(3.7) Axes
 + Level 0.7(2.3) Maces & Flails
 + Level 7.2 Armour
 + Level 5.4 Dodging
 + Level 2.0 Stealth
 + Level 8.8 Shields


You had 8 spell levels left.
You didn't know any spells.
Your spell library contained the following spells:

 Spells                   Type           Power      Damage    Failure   Level
 Foxfire                  Conj/Fire      0%         2x1d4     86%         1
 Shock                    Conj/Air       0%         1d3       86%         1
 Corpse Rot               Necr/Air       N/A        N/A       94%         2
 Poisonous Vapours        Pois/Air       0%         N/A       94%         2
 Conjure Flame            Conj/Fire      0%         6-21      99%         3
 Ignite Poison            Fire/Tmut/Pois 0%         N/A       99%         3
 Inner Flame              Hex/Fire       0%         N/A       99%         3
 Portal Projectile        Hex/Tloc       0%         N/A       99%         3
 Swiftness                Air            0%         N/A       99%         3
 Airstrike                Air            0%         N/A       100%        4
 Sticky Flame             Conj/Fire      0%         2d3       100%        4
 Blade Hands              Tmut           0%         N/A       100%        5
 Excruciating Wounds      Necr           0%         N/A       100%        5
 Freezing Cloud           Conj/Ice/Air   0%         6-21      100%        5


Dungeon Overview and Level Annotations

Branches:
Dungeon (10/15)            Temple (1/1) D:4            Lair (0/6) D:9
    Orc: D:9-12

Altars:
Ashenzari
Cheibriados
Dithmenos
Elyvilon
Fedhas
Hepliaklqana
Kikubaaqudgha
Nemelex Xobeh
Okawaru
Qazlal
Ru
Trog
Uskayaw
Wu Jian
Xom
Zin
The Shining One

Shops:
D:1 =   D:2 :   D:5 *


Innate Abilities, Weirdness & Mutations

You have a pair of horns on your head.
You reflexively headbutt those who attack you in melee.


Message History

The killer bee stings you but does no damage.
The killer bee stings you. You block the killer bee's attack.
The killer bee stings you.
You are more poisoned.
The killer bee poisons you! The killer bee barely misses you.
You furiously retaliate!
You headbutt the killer bee. The killer bee barely misses you.
The killer bee stings you. The killer bee barely misses you.
The killer bee closely misses you. You furiously retaliate!
You headbutt the killer bee, but do no damage.
You sock the killer bee! Your headbutt misses the killer bee.
The killer bee is almost dead.
You feel extremely sick.
The killer bee stings you but does no damage.
The killer bee barely misses you. You block the killer bee's attack. x2
The killer bee stings you but does no damage.
The killer bee barely misses you. You block the killer bee's attack.
The killer bee barely misses you.
The killer bee stings you but does no damage.
The killer bee stings you.
* * * LOW HITPOINT WARNING * * *
The killer bee stings you!
* * * LOW HITPOINT WARNING * * *
You are lethally poisoned!
The killer bee poisons you! The killer bee closely misses you.
You furiously retaliate!
You headbutt the killer bee!
You kill the killer bee!
The killer bee stings you.
* * * LOW HITPOINT WARNING * * *
The killer bee barely misses you.
The killer bee stings you but does no damage.
You block the killer bee's attack. The killer bee barely misses you.
You furiously retaliate!
You headbutt the killer bee!
Your life force feels restored.
As you read the scroll of fear, it crumbles to dust.
You assume a fearsome visage.
The killer bee looks frightened! x5
* * * LOW HITPOINT WARNING * * *
You feel very sick.
It was a potion of cancellation.
You feel magically purged.
You die...

*,**,*,*,*,*,*,*,*,*,,,
#.**#......,.,,,,,,,,+*
*.###.#.#.#.#.*,*,*,,,*
*,...........(,,,,,**,*
**#....#.#.#.#,*,*,**,*
#y..y..y....,,,,***,,
#....<....#***,** *,*
#.......#** *,,* *,*
#..†@..y#****,** *,*
#..†....+,,,,,,****,*
#......y#*****,,,,,,,
###'##### ******,* #.#
*,* #.# *,* #.# *,, #.#
**, #.# *,


You could see 5 killer bees.

Vanquished Creatures
  A steam dragon (D:7)
  Edmund (D:6)
  Duvessa (D:5)
  2 water moccasins (D:6)
  An ice beast (D:5)
  A sky beast (D:7)
  3 ogres
  2 black bears
  A centaur (D:6)
  2 scorpions
  Dowan (D:5)
  2 killer bees (D:9)
  5 wights (D:7)
  2 howler monkeys
  A centaur zombie (D:9)
  A jelly (D:5)
  3 hounds
  A gnoll shaman (D:5)
  5 iguanas
  An orc priest (D:6)
  An orc wizard (D:4)
  A scorpion zombie (D:5)
  5 gnolls
  6 adders
  A shadow imp (D:7)
  A white imp (D:6)
  An ufetubus (D:5)
  3 worms
  3 dart slugs (D:2)
  6 orcs
  3 endoplasms
  21 goblins
  6 hobgoblins
  4 jackals (D:2)
  9 kobolds
  4 quokkas (D:2)
  5 ball pythons
  6 bats (D:2)
  3 frilled lizards
  8 rats
134 creatures vanquished.

Vanquished Creatures (others)
  A white imp (D:7)
  10 plants (D:7)
11 creatures vanquished.

Grand Total: 145 creatures vanquished

Notes
Turn   | Place    | Note
-------+----------+-------------------------------------------
     0 | D:1      | cbfl8 the Minotaur Fighter began the quest for the Orb.
     0 | D:1      | Reached XP level 1. HP: 19/19 MP: 0/0
   243 | D:1      | Found Harphebyi's Jewellery Shop.
   700 | D:1      | Found a faded altar of an unknown god.
   875 | D:2      | Reached XP level 2. HP: 26/27 MP: 1/1
   907 | D:2      | Reached skill level 4 in Shields
   942 | D:2      | Reached XP level 3. HP: 21/33 MP: 2/2
  1627 | D:2      | Found Gibimogitu's Book Shoppe.
  1685 | D:2      | Reached XP level 4. HP: 34/40 MP: 3/3
  1826 | D:2      | Found a glowing golden altar of the Shining One.
  2547 | D:3      | Found a shadowy altar of Dithmenos.
  2557 | D:3      | Reached XP level 5. HP: 37/46 MP: 4/4
  2599 | D:3      | Noticed an ogre
  2613 | D:3      | Reached skill level 5 in Shields
  2618 | D:3      | Killed an ogre
  2619 | D:3      | Reached skill level 1 in Short Blades
  2619 | D:3      | Reached skill level 5 in Armour
  2619 | D:3      | Reached skill level 1 in Dodging
  3119 | D:4      | Noticed an ogre
  3124 | D:4      | Killed an ogre
  3125 | D:4      | Reached XP level 6. HP: 45/53 MP: 5/5
  3179 | D:4      | Found an iron altar of Okawaru.
  3321 | D:4      | Found a staircase to the Ecumenical Temple.
  3358 | Temple   | Entered the Ecumenical Temple
  3699 | D:4      | Found an ornate altar of the Wu Jian Council.
  4083 | D:5      | Entered Level 5 of the Dungeon
  4132 | D:5      | Reached skill level 6 in Shields
  4216 | D:5      | Noticed an ice beast
  4231 | D:5      | Killed an ice beast
  4232 | D:5      | Reached XP level 7. HP: 60/60 MP: 6/6
  4273 | D:5      | Found Deoczav's Elemental Accessories.
  4444 | D:5      | Reached skill level 1 in Stealth
  4472 | D:5      | Noticed Dowan
  4472 | D:5      | Noticed Duvessa
  4489 | D:5      | Killed Duvessa
  4492 | D:5      | Killed Dowan
  4771 | D:5      | Identified a scroll of acquirement
  4772 | D:5      | Acquired 833 gold pieces
  5123 | D:6      | Reached XP level 8. HP: 67/67 MP: 7/7
  5144 | D:6      | Reached skill level 7 in Shields
  5176 | D:6      | Noticed Edmund
  5185 | D:6      | Reached skill level 5 in Fighting
  5194 | D:6      | Killed Edmund
  5432 | D:6      | Found a white marble altar of Elyvilon.
  5866 | D:7      | Reached skill level 8 in Shields
  5905 | D:7      | Reached skill level 5 in Short Blades
  5905 | D:7      | Reached skill level 5 in Dodging
  6269 | D:7      | Reached XP level 9. HP: 36/74 MP: 8/8
  6587 | D:7      | Found a hazy altar of Hepliaklqana.
  6701 | D:7      | You are sucked into a shaft and drop 3 floors!
  6701 | D:10     | Entered Level 10 of the Dungeon
  6787 | D:9      | HP: 2/75 [poisoned by a killer bee]
  6788 | D:9      | Succumbed to a killer bee's poison

Illustrated notes

Levels and vault maps discovered:
D:1:      erik_arrival_blinker_ship, layout_basic,
          ebering_ecumenical_altar_hall, serial_shops, shop
D:2:      minmay_general_purpose_star, layout_loops_cross, serial_shops, shop,
          basic_altar, amethyst_killhole, minmay_mini_jars
D:3:      kennysheep_the_goblin_king, layout_basic,
          nicolae_dithmenos_the_darkroom, minmay_ogre_servants
D:4:      layout_basic, mainiacjoe_overflow_brackets,
          mainiacjoe_overflow_boulevard, temple_pool_b
D:5:      layout_cave_pods, kennysheep_cluttered_room, nicolae_elemental_shop,
          uniq_duvessa
D:6:      layout_basic, nicolae_overflow_crystal_walls, st_stairs_14,
          uniq_edmund
D:7:      layout_basic, mainiacjoe_overflow_cross_hatched,
          mainiacjoe_overflow_alcove_1
D:9:      layout_roguey [special_room_orc], erik_lair_island,
          corexii_checkpoint_a, hex_large, uniq_grum, uniq_erolcha
D:10:     layout_basic, grunt_temple_overflow_lords_of_destruction,
          nicolae_gozag_zags_fifth_avenue, small_chamber_with_monster
Temple:   nicolae_temple_x_marks_the_god

Skill      XL: |  1  2  3  4  5  6  7  8  9 |
---------------+----------------------------+-----
Armour         | 4 5 6 7 |  7.2
Shields        | 4 5 6 8 |  8.8
Fighting       | 4 5 |  5.7
Axes           | 3 |  3.6
Short Blades   | 1 2 3 5 |  5.6
Dodging        | 1 2 3 5 |  5.4
Stealth        | 1 2 |  2.0
Maces & Flails | |  0.7

Action                   |  1- 3 |  4- 6 |  7- 9 || total
-------------------------+-------+-------+-------++-------
Melee: War axe           |    75 |       |       ||    75
       Headbutt          |    12 |    26 |    46 ||    84
       Dagger            |    18 |   126 |   150 ||   294
       Mace              |       |       |    16 ||    16
       Hand axe          |       |       |     8 ||     8
  Use: Scroll            |       |       |    12 ||    12
       Potion            |       |       |     5 ||     5
 Stab: Sleeping          |       |       |     1 ||     1
Armor: Scale mail        |    64 |       |       ||    64
       Quicksilver drago |       |    71 |    78 ||   149
Dodge: Dodged            |    49 |    57 |   100 ||   206
Block: Kite shield       |    60 |    74 |   161 ||   295
